 Dungeon Crawl Stone Soup version 0.22.1-1-ga44c0e56f4 (webtiles) character file.

268 LLavrengius the Grave Robber (level 6, -2/48 HPs)
             Began as a Mummy Necromancer on Oct 30, 2018.
             Slain by an orc wizard
             ... wielding a +0 dagger
              (5 damage)
             ... on level 4 of the Dungeon.
             The game lasted 00:16:07 (4482 turns).

LLavrengius the Grave Robber (Mummy Necromancer)    Turns: 4482, Time: 00:16:09

Health: -2/48      AC:  5    Str: 14    XL:     6   Next: 1%
Magic:  1/11       EV: 10    Int: 14    God:
Gold:   2          SH:  0    Dex: 12    Spells: 7/12 levels left

rFire    x . .     SeeInvis .   m - -3 short sword (curse)
rCold    + . .     Gourm    .   (no shield)
rNeg     + + +     Faith    .   k - +0 ring mail
rPois    ∞         Spirit   .   (no helmet)
rElec    .         Reflect  .   (no cloak)
rCorr    .         Harm     .   (no gloves)
MR       .....     Rnd*Tele +   (no boots)
Stlth    +.........             (no amulet)
HPRegen  0.16/turn              l - ring of teleportation (curse)
MPRegen  0.12/turn              (no ring)

@: no status effects
A: no food or potions, fire vulnerability, cold resistance 1, negative energy
resistance 3, torment resistance, unbreathing
a: no special abilities


You were on level 4 of the Dungeon.
You were not hungry.

You visited 1 branch of the dungeon, and saw 4 of its levels.

You collected 106 gold pieces.
You spent 104 gold pieces at shops.

Inventory:

Hand Weapons
 f - a +1 short sword
 m - a cursed -3 short sword (weapon)
Missiles
 d - 7 tomahawks (quivered)
Armour
 h - the +9 plate armour of the New World {rElec rC+, unknown}
   (You found it on level 4 of the Dungeon)

   It protects you from cold.
   It insulates you from electricity.
 i - a +0 scale mail
 k - a +0 ring mail (worn)
Jewellery
 l - a cursed ring of teleportation (left hand)
Wands
 a - a wand of digging (11)
Scrolls
 b - a scroll of teleportation
 c - a scroll of amnesia
 e - 9 scrolls of identify
 g - a scroll of magic mapping


   Skills:
 + Level 3.7 Fighting
 - Level 1.5 Dodging
 - Level 1.5 Stealth
 + Level 3.7 Spellcasting
 + Level 5.6 Necromancy


You had 7 spell levels left.
You knew the following spells:

 Your Spells              Type           Power        Failure   Level  Hunger
a - Pain                  Necr           ###.         4%          1    N/A
b - Animate Skeleton      Necr           N/A          4%          1    N/A
c - Vampiric Draining     Necr           ###.......   12%         3    N/A

Your spell library contained the following spells:

 Spells                   Type           Power        Failure   Level  Hunger
 Animate Dead             Necr           N/A          36%         4    N/A
 Regeneration             Chrm/Necr      Unusable     N/A         3    N/A

Dungeon Overview and Level Annotations

Branches:
Dungeon (4/15)             Temple (0/1) D:4

Altars:
Hepliaklqana
Sif Muna
Xom

Shops:
D:4 *


Innate Abilities, Weirdness & Mutations

You do not eat or drink.
Your flesh is vulnerable to fire.
You are immune to poison.
Your flesh is cold resistant. (rC+)
You are immune to negative energy. (rN+++)
You are immune to unholy pain and torment.
You can survive without breathing.


Message History

You closely miss the rat.
The rat is severely wounded.
The orc wizard hits you but does no damage.
The rat bites you but does no damage.
You can't drink.
You barely miss the rat.
The rat is severely wounded.
The orc wizard hits you with a dagger.
* * * LOW HITPOINT WARNING * * *
The orc wizard hits you with a dagger.
* * * LOW HITPOINT WARNING * * *
The rat bites you.
* * * LOW HITPOINT WARNING * * *
You closely miss the rat.
The rat is severely wounded.
The orc wizard gestures at you while chanting.
The magic dart hits you!
* * * LOW HITPOINT WARNING * * *
The rat barely misses you. The orc wizard hits you with a dagger.
You die...

*∩*≈≈≈≈≈≈#..........#,
***####***≈#..........#,
*,≈≈≈≈≈≈≈≈≈#..........#*
*,≈≈#≈#≈####..........+,
*,,≈.≈≈≈≈≈............#*
*,,....≈..............#
*,,$..................#
#.##.#####............#
#...ooo@r.............#
##########.........†).#
############.## ##.# ##.
##


You could see an orc wizard, 2 orcs and a rat.

Vanquished Creatures
  An orc wizard (D:3)
  Terence (D:2)
  A worker ant (D:4)
  7 adders
  4 gnolls
  2 worms (D:2)
  A dart slug (D:1)
  2 leopard geckos
  12 orcs
  4 giant cockroaches
  4 goblins
  11 hobgoblins
  4 kobolds
  A quokka (D:3)
  A ball python (D:1)
  4 bats
  6 frilled lizards
  A quokka skeleton (D:4)
  9 rats
76 creatures vanquished.

Notes
Turn   | Place    | Note
-------+----------+-------------------------------------------
     0 | D:1      | LLavrengius the Mummy Necromancer began the quest for the
                  | Orb.
     0 | D:1      | Reached XP level 1. HP: 13/13 MP: 4/4
   295 | D:1      | Learned a level 1 spell: Animate Skeleton
   374 | D:1      | Reached XP level 2. HP: 5/20 MP: 1/6
   650 | D:1      | Reached skill level 1 in Fighting
  1185 | D:2      | Found a shimmering altar of Xom.
  1218 | D:2      | Found a hazy altar of Hepliaklqana.
  1219 | D:2      | Noticed a spectral ugly thing
  1235 | D:2      | Noticed Terence
  1244 | D:2      | Reached XP level 3. HP: 16/27 MP: 0/7
  1596 | D:2      | Killed Terence
  2085 | D:2      | Reached XP level 4. HP: 28/34 MP: 5/8
  2553 | D:2      | Learned a level 3 spell: Vampiric Draining
  2582 | D:2      | Reached skill level 5 in Necromancy
  3246 | D:3      | Reached XP level 5. HP: 36/41 MP: 4/9
  3825 | D:3      | Found a deep blue altar of Sif Muna.
  4212 | D:4      | Noticed a phantom
  4364 | D:4      | Found Opsuo's Assorted Antiques.
  4368 | D:4      | Bought a lead wand for 104 gold pieces
  4442 | D:4      | Got a slimy plate armour
  4455 | D:4      | Reached XP level 6. HP: 40/48 MP: 0/11
  4482 | D:4      | Slain by an orc wizard

Skill      XL: |  1  2  3  4 |
---------------+-------------+-----
Spellcasting   | 3 |  3.7
Fighting       | 1 2 3 |  3.7
Necromancy     | 5 |  5.6
Dodging        | |  1.5
Stealth        | |  1.5

Action                   |  1- 3 |  4- 6 || total
-------------------------+-------+-------++-------
Melee: Short sword       |    36 |    59 ||    95
Throw: Tomahawk          |     1 |     1 ||     2
 Cast: Pain              |    46 |   106 ||   152
       Vampiric Draining |       |     2 ||     2
Evoke: Wand              |       |     6 ||     6
  Use: Scroll            |       |     6 ||     6
 Stab: Sleeping          |     8 |     2 ||    10
Armor: Robe              |    13 |    10 ||    23
       Ring mail         |       |    25 ||    25
Dodge: Dodged            |    41 |    71 ||   112
